 Dungeon Crawl Stone Soup version 0.27.0-1-g7a089689b8 (webtiles) character file.

Game seed: 4045346408498297699

74 unlimited1921 the Vexing (level 4, 0/34 HPs)
             Began as a Gnoll Arcane Marksman on Aug 13, 2021.
             Was an Initiate of Makhleb.
             Slain by Grinder (5 damage)
             ... while paralysed by Grinder
             ... on level 3 of the Dungeon.
             The game lasted 00:25:54 (2445 turns).

unlimited1921 the Vexing (Gnoll Arcane Marksman)    Turns: 2445, Time: 00:25:54

Health: 0/34       AC:  3    Str: 11    XL:     4   Next: 30%
Magic:  6/8        EV:  2    Int: 12    God:    Makhleb [......]
Gold:   97         SH:  0    Dex: 12    Spells: 6/9 levels left

rFire    . . .     SeeInvis .   s - +0 arbalest
rCold    . . .     Faith    .   (shield currently unavailable)
rNeg     . . .     Spirit   .   d - +0 robe
rPois    .         Reflect  .   j - +0 helmet
rElec    .         Harm     .   (no cloak)
rCorr    .         Rampage  .   (no gloves)
Will     .....                  (no boots)
Stlth    ++........             (no amulet)
HPRegen  0.11/turn              (no ring)
MPRegen  0.11/turn              (no ring)

@: paralysed
A: fangs 1, strong nose, distributed training
a: Renounce Religion


You were on level 3 of the Dungeon.
You worshipped Makhleb.
Makhleb was noncommittal.
You visited 1 branch of the dungeon, and saw 3 of its levels.

You collected 97 gold pieces.

Inventory:

Hand Weapons
 a - a +0 hand crossbow
 e - a +0 short sword
 q - a +0 broad axe
 s - a +0 arbalest (weapon)
 t - a +2 dagger of venom
Missiles
 b - 15 stones
 c - 22 bolts (quivered ammo)
 i - 51 arrows
 k - 13 sling bullets
Armour
 d - a +0 robe (worn)
 j - a +0 helmet (worn)
Magical Staves
 l - a staff of death
Jewellery
 f - a ring of fire
Scrolls
 h - a scroll of fog {unknown}
 m - 2 scrolls of identify {unknown}
 n - a scroll of magic mapping {unknown}
 o - a scroll of teleportation {unknown}
Potions
 g - a potion of invisibility {unknown}
 p - a potion of cancellation {unknown}
 r - a potion of curing {unknown}


   Skills:
 + Level 2.7 Fighting
 + Level 1.1 Short Blades
 + Level 1.1 Long Blades
 + Level 1.1 Axes
 + Level 1.1 Maces & Flails
 + Level 1.1 Polearms
 + Level 1.1 Staves
 + Level 1.1 Slings
 + Level 1.1 Bows
 + Level 4.6 Crossbows
 + Level 1.1 Throwing
 + Level 1.1 Armour
 + Level 4.6 Dodging
 + Level 1.1 Stealth
 + Level 1.1 Shields
 + Level 1.1 Unarmed Combat
 + Level 3.0 Spellcasting
 + Level 0.8 Conjurations
 + Level 5.4 Hexes
 + Level 0.8 Summonings
 + Level 0.8 Necromancy
 + Level 0.8 Translocations
 + Level 0.8 Transmutations
 + Level 0.8 Fire Magic
 + Level 0.8 Ice Magic
 + Level 0.8 Air Magic
 + Level 0.8 Earth Magic
 + Level 0.8 Poison Magic
 + Level 1.2 Invocations
 + Level 1.1 Evocations


You had 6 spell levels left.
You knew the following spells:

 Your Spells              Type           Power      Damage    Failure   Level
a - Corona                Hex            15%        N/A       2%          1
b - Slow                  Hex            14%        N/A       4%          2

Your spell library contained the following spells:

 Spells                   Type           Power      Damage    Failure   Level
 Inner Flame              Hex/Fire       9%         N/A       21%         3
 Portal Projectile        Hex/Tloc       18%        N/A       21%         3
 Cause Fear               Hex            7%         N/A       26%         4
 Borgnjor's Revivificati  Necr           1%         N/A       100%        8
 Necromutation            Tmut/Necr      1%         N/A       100%        8
 Death's Door             Necr           1%         N/A       100%        9


Dungeon Overview and Level Annotations

Branches:
Dungeon (3/15)

Altars:
Makhleb
Wu Jian

Shops:
D:2 [   D:3 *

Annotations:
D:3 Grinder


Innate Abilities, Weirdness & Mutations

You have very sharp teeth.
Your uncanny sense of smell can sniff out nearby items.
Your experience applies equally to all skills.


Message History

The ball python bites you but does no damage.
The ball python constricts you.
You shoot a bolt. The bolt hits the ball python!
You kill the ball python!
Makhleb accepts your kill.
You shoot a bolt. The bolt closely misses Grinder.
Grinder gestures at you.
You suddenly lose the ability to move!
You can move again.
Press: ? - help, v - describe, . - travel
Here: Grinder The floor.
Casting: Slow (safe; 4% risk of failure)
Confirm with . or Enter, or press ? or * to list all spells.
Aiming: Slow (safe; 4% risk of failure)
Press: ? - help, Shift-Dir - straight line, f/p - Grinder
Aim: Grinder (chance to affect: 50%) Grinder seems to slow down.
Casting: Slow (safe; 4% risk of failure)
Confirm with . or Enter, or press ? or * to list all spells.
Aiming: Corona (safe; 2% risk of failure)
Press: ? - help, Shift-Dir - straight line, f/p - Grinder
Aim: Grinder (slow, chance to affect: 50%) Grinder is outlined in light.
You shoot a bolt.
The bolt hits Grinder but does no damage.
Grinder barely misses you.
You shoot a bolt. The bolt hits Grinder!
Grinder is moderately wounded.
Grinder hits you!
You writhe in agony.
You are too injured to fight recklessly!
You are too injured to fight recklessly!
There is an open door here.
Grinder gestures at you.
You suddenly lose the ability to move!
Grinder stops glowing.
Grinder hits you!
* * * LOW HITPOINT WARNING * * *
You writhe in agony.
You die...

.....#..#.# #...##8##....( #.
.....#..#.# #....###...... #.
####.#.##.###.....#....... #. #
#.####.........#....... #. #
#....#.........#....... #. #
####.#.........#....... #. #
#.##.......##(.......... #. ###
#..........5.(..........##. ..#
#######...@#.##.........##.
..###########....#.##.........##.
.................#.##..........#.
.............####...#..........#.
#............# #....##..........
#....†.......# ###..##.......#..
#............# ####...........'.>
#............# #...∩........†.###
#............# #....##........#


You could see Grinder (slow).

Vanquished Creatures
  An adder (D:3)
  A worm (D:2)
  2 dart slugs (D:2)
  3 endoplasms
  A giant cockroach (D:2)
  6 goblins
  A hobgoblin (D:1)
  10 jackals
  4 kobolds
  6 quokkas
  4 ball pythons
  8 bats
  A frilled lizard (D:3)
  5 rats
53 creatures vanquished.

Notes
Turn   | Place    | Note
-------+----------+-------------------------------------------
     0 | D:1      | unlimited1921 the Gnoll Arcane Marksman began the quest for
                  | the Orb.
     0 | D:1      | Reached XP level 1. HP: 17/17 MP: 4/4
   119 | D:1      | Reached XP level 2. HP: 23/23 MP: 5/5
   228 | D:1      | Learned a level 2 spell: Slow
   237 | D:1      | Found a faded altar of an unknown god.
   750 | D:2      | Reached XP level 3. HP: 28/28 MP: 7/7
   779 | D:2      | Found a burning altar of Makhleb.
   792 | D:2      | Became a worshipper of Makhleb the Destroyer
   861 | D:2      | Reached skill level 1 in Invocations
  1257 | D:2      | Reached skill level 1 in Short Blades
  1257 | D:2      | Reached skill level 1 in Long Blades
  1257 | D:2      | Reached skill level 1 in Axes
  1257 | D:2      | Reached skill level 1 in Maces & Flails
  1257 | D:2      | Reached skill level 1 in Polearms
  1257 | D:2      | Reached skill level 1 in Staves
  1257 | D:2      | Reached skill level 1 in Slings
  1257 | D:2      | Reached skill level 1 in Bows
  1257 | D:2      | Reached skill level 1 in Throwing
  1257 | D:2      | Reached skill level 1 in Armour
  1257 | D:2      | Reached skill level 1 in Stealth
  1257 | D:2      | Reached skill level 1 in Shields
  1257 | D:2      | Reached skill level 1 in Unarmed Combat
  1257 | D:2      | Reached skill level 1 in Evocations
  1479 | D:2      | Found Efeol's Antique Armour Emporium.
  1638 | D:2      | Reached XP level 4. HP: 34/34 MP: 8/8
  2365 | D:3      | Found Dyukkev's General Store.
  2402 | D:3      | Found an ornate altar of the Wu Jian Council.
  2430 | D:3      | Noticed Grinder
  2435 | D:3      | Paralysed by Grinder for 2 turns
  2442 | D:3      | Paralysed by Grinder for 4 turns
  2445 | D:3      | Slain by Grinder

Illustrated notes

Levels and vault maps discovered:
D:1:      minmay_arrival_semitransparent, layout_loops_cross,
          ebering_ecumenical_altar_abandoned, wad_floor_pattern_1
D:2:      layout_basic, serial_shops, nicolae_shop_statue_plus, basic_altar
D:3:      layout_basic, nzn_wu_jian_council_hall, serial_shops,
          nicolae_square_shop, uniq_robin, uniq_grinder

Skill      XL: |  1  2  3  4 |
---------------+-------------+-----
Invocations    | 1 |  1.2
Short Blades   | 1 |  1.1
Long Blades    | 1 |  1.1
Axes           | 1 |  1.1
Maces & Flails | 1 |  1.1
Polearms       | 1 |  1.1
Staves         | 1 |  1.1
Slings         | 1 |  1.1
Bows           | 1 |  1.1
Throwing       | 1 |  1.1
Armour         | 1 |  1.1
Stealth        | 1 |  1.1
Shields        | 1 |  1.1
Unarmed Combat | 1 |  1.1
Evocations     | 1 |  1.1
Spellcasting   | 3 |  3.0
Fighting       | |  2.7
Crossbows      | |  4.6
Dodging        | |  4.6
Conjurations   | |  0.8
Hexes          | |  5.4
Summonings     | |  0.8
Necromancy     | |  0.8
Translocations | |  0.8
Transmutations | |  0.8
Fire Magic     | |  0.8
Ice Magic      | |  0.8
Air Magic      | |  0.8
Earth Magic    | |  0.8
Poison Magic   | |  0.8

Action                   |  1- 3 |  4- 6 || total
-------------------------+-------+-------++-------
Melee: Short sword       |    21 |       ||    21
       Staff             |     7 |       ||     7
       Bite              |     6 |       ||     6
       Punch             |     1 |       ||     1
 Fire: Hand crossbow     |    75 |       ||    75
       Arbalest          |       |    27 ||    27
Throw: Stone             |    16 |       ||    16
 Cast: Corona            |     2 |     1 ||     3
       Slow              |     1 |     1 ||     2
Armor: Robe              |    16 |     4 ||    20
Dodge: Dodged            |    33 |    10 ||    43
